 Dungeon Crawl Stone Soup version 0.29.0-4-gdea44cf6ec (webtiles) character file.

Game seed: 3597232642946208864

156 qw the Chopper (level 5, 0/30 HPs)
             Began as a Tengu Warper on Aug 28, 2022.
             Slain by Sigmund
             ... wielding a +1 scythe of venom
              (5 damage)
             ... on level 3 of the Dungeon.
             The game lasted 00:00:18 (3228 turns).

qw the Chopper (Tengu Warper)                       Turns: 3228, Time: 00:00:19

Health: 0/30       AC: 10    Str: 14    XL:     5   Next: 38%
Magic:  9/9        EV: 13    Int: 13    God:
Gold:   178        SH:  0    Dex: 13    Spells: 8/8 levels left

rFire   . . .      SeeInvis .   k - +0 war axe
rCold   . . .      Faith    .   (no shield)
rNeg    . . .      Spirit   .   h - +0 ring mail
rPois   .          Reflect  .   (helmet restricted)
rElec   .          Harm     .   b - +0 cloak
rCorr   .          Rampage  .   (no gloves)
Will    .....                   (boots unavailable)
Stlth   +.........              c - amulet of the acrobat
HPRegen 0.10/turn               g - +4 ring of protection
MPRegen 0.11/turn               (no ring)

@: lethally poisoned (0 -> -12), flying quickly and evasively, quick
A: beak, talons 3, nimble flight
a: no special abilities


You were on level 3 of the Dungeon.
You visited 1 branch of the dungeon, and saw 3 of its levels.

You collected 178 gold pieces.


Innate Abilities, Weirdness & Mutations

You have a beak for a mouth.
You have claws for feet.
Your magical nature lets you fly swiftly and evasively.


   Skills:
 - Level 2.0 Fighting
 + Level 6.0 Axes
 - Level 1.0 Throwing
 - Level 1.1 Armour
 - Level 2.1 Dodging
 - Level 2.0 Spellcasting
 - Level 2.4 Translocations


You had 8 spell levels left.
You didn't know any spells.
Your spell library contained the following spells:

 Spells                   Type           Power      Damage    Failure   Level
 Blink                    Tloc           14%        N/A       30%         2
 Gell's Gravitas          Tloc           7%         N/A       52%         3
 Lesser Beckoning         Tloc           7%         N/A       52%         3
 Teleport Other           Tloc           7%         N/A       52%         3
 Manifold Assault         Tloc           7%         N/A       99%         5

Inventory:

Hand Weapons
 a - a +0 whip
 k - a +0 war axe (weapon)
Armour
 b - a +0 cloak (worn)
 d - a +0 scale mail
 f - a +0 chain mail
 h - a +0 ring mail (worn)
Jewellery
 c - an amulet of the acrobat (around neck)
 e - a ring of wizardry
 g - a +4 ring of protection (left hand)
Scrolls
 i - 2 scrolls of teleportation {unknown}
 j - 2 scrolls of identify
 n - a scroll of brand weapon {unknown}
Potions
 m - a potion of resistance {unknown}
 o - a potion of curing {unknown}

Dungeon Overview and Level Annotations

Branches:
Dungeon (3/15)

Altars:

Annotations:
D:3 Sigmund


Message History

Sigmund is moderately wounded.
You feel very sick.
Sigmund points at you and mumbles some strange words.
You are confused.
You hit Sigmund. Your kick misses Sigmund. Your peck misses Sigmund.
Sigmund is moderately wounded.
You feel very sick. Sigmund misses you.
You feel sick. Sigmund closely misses you.
You feel sick.
You're too confused to move!
You feel sick. Sigmund hits you but does no damage.
You are lethally poisoned!
You bump into the rock wall.
You feel less confused.
You feel sick.
3223 ||| DRINKING potion of heal wounds.
You feel much better.
You feel sick.
Sigmund hits you from afar with a +1 scythe of venom.
You are more poisoned.
You feel very sick. Sigmund casts a spell at you. You resist with some effort.
You closely miss Sigmund. You claw Sigmund.
Sigmund is heavily wounded.
You feel very sick.
Sigmund casts a spell.
Sigmund flickers and vanishes!
Deactivating autopickup; reactivate with Ctrl-A.
You miss something.
You feel sick. Something hits you but does no damage.
You are lethally poisoned!
You miss something.
You feel very sick. Something barely misses you.
You barely miss something. Your kick misses something.
You feel very sick. Something hits you.
You die...

####....####........
#......## ##.......
#.#....# ##.....#
#..###.# ##...##
#..# #.# ##'##
#..###.# #.#
#.#....# #.#
#.##.#.# ##.##
#.{@...# ##.##...##
####.### #........#
#.# ##.##....# #..
.. ##.#.# #### ##
###.. ###


There were no monsters in sight!

Vanquished Creatures
  An orc priest (D:3)
  6 adders
  3 dart slugs (D:2)
  6 orcs (D:3)
  5 ball pythons
  An endoplasm (D:2)
  A giant cockroach (D:2)
  5 goblins
  A hobgoblin (D:1)
  7 kobolds
  8 quokkas
  9 bats
  3 frilled lizards
  5 rats
61 creatures vanquished.

Notes
Turn   | Place    | Note
-------+----------+-------------------------------------------
     0 | D:1      | qw the Tengu Warper began the quest for the Orb.
     0 | D:1      | Reached XP level 1. HP: 12/12 MP: 4/4
     0 | D:1      | 0 ||| qw: Version: 0.1-a-89-g26bdef1
     0 | D:1      | 0 ||| qw: Game counter: 336
     0 | D:1      | 0 ||| qw: Always use a shield: true
     0 | D:1      | 0 ||| qw: God list: Okawaru
     0 | D:1      | 0 ||| qw: Allow faded altars: false
     0 | D:1      | 0 ||| qw: Do Orc after D:15 true
     0 | D:1      | 0 ||| qw: Do second Lair branch before Depths: true
     0 | D:1      | 0 ||| qw: Lair rune preference: random
     0 | D:1      | 0 ||| qw: Plans: Normal
     0 | D:1      | 0 ||| PLANNING D:1-11
   347 | D:1      | Reached XP level 2. HP: 17/17 MP: 6/6
   383 | D:1      | Reached skill level 3 in Axes
  1022 | D:1      | 1022 ||| UPGRADING to +0 ring mail.
  1032 | D:1      | 1032 ||| DROPPING +0 leather armour.
  1033 | D:1      | 1033 ||| UPGRADING to +4 ring of protection.
  1034 | D:1      | 1034 ||| READING scroll labelled AMOZXUC OROF.
  1035 | D:1      | 1035 ||| READING 2 scrolls labelled NEAMISKYOMY.
  1036 | D:1      | 1036 ||| READING scroll labelled CEERIC REABB.
  1037 | D:1      | 1037 ||| READING 3 scrolls labelled YSAFOD VEING.
  1038 | D:1      | 1038 ||| READING scroll labelled HANKOB ANTEOPN.
  1039 | D:1      | 1039 ||| DRINKING 2 sapphire potions.
  1040 | D:1      | 1040 ||| READING 2 scrolls of identify.
  1040 | D:1      | 1040 ||| IDENTIFYING bubbling white potion
  1041 | D:1      | 1041 ||| DROPPING scroll of blinking.
  1042 | D:1      | 1042 ||| DROPPING potion of flight.
  1043 | D:1      | 1043 ||| DROPPING scroll of vulnerability.
  1075 | D:2      | 1075 ||| Stepping ~*~*~tactically~*~*~ (stealth).
  1091 | D:2      | 1091 ||| Stepping ~*~*~tactically~*~*~ (hiding).
  1092 | D:2      | 1092 ||| Stepping ~*~*~tactically~*~*~ (hiding).
  1104 | D:2      | 1104 ||| Stepping ~*~*~tactically~*~*~ (stealth).
  1105 | D:2      | 1105 ||| Stepping ~*~*~tactically~*~*~ (stealth).
  1110 | D:2      | 1110 ||| Stepping ~*~*~tactically~*~*~ (stealth).
  1176 | D:2      | Reached XP level 3. HP: 18/21 MP: 7/7
  1228 | D:2      | 1228 ||| Stepping ~*~*~tactically~*~*~ (stealth).
  1241 | D:2      | Reached skill level 4 in Axes
  1267 | D:2      | 1267 ||| Stepping ~*~*~tactically~*~*~ (stealth).
  1307 | D:2      | 1307 ||| Stepping ~*~*~tactically~*~*~ (stealth).
  1438 | D:2      | 1438 ||| FLEEEEING.
  1439 | D:2      | 1439 ||| FLEEEEING.
  1440 | D:2      | 1440 ||| FLEEEEING.
  1441 | D:2      | 1441 ||| STAIRDANCE
  1484 | D:1      | 1484 ||| UPGRADING to +0 cloak.
  1492 | D:2      | 1492 ||| FLEEEEING.
  1493 | D:2      | 1493 ||| STAIRDANCE
  1571 | D:2      | 1571 ||| STAIRDANCE
  1715 | D:2      | Reached XP level 4. HP: 24/26 MP: 8/8
  2019 | D:2      | 2019 ||| UPGRADING to amulet of the acrobat.
  2155 | D:3      | 2155 ||| FLEEEEING.
  2156 | D:3      | 2156 ||| FLEEEEING.
  2157 | D:3      | 2157 ||| FLEEEEING.
  2158 | D:3      | 2158 ||| FLEEEEING.
  2159 | D:3      | 2159 ||| FLEEEEING.
  2160 | D:3      | 2160 ||| FLEEEEING.
  2161 | D:3      | 2161 ||| STAIRDANCE
  2303 | D:3      | 2303 ||| STAIRDANCE
  2311 | D:3      | 2311 ||| STAIRDANCE
  2373 | D:3      | Reached skill level 5 in Axes
  2455 | D:3      | 2455 ||| Stepping ~*~*~tactically~*~*~ (stealth).
  2456 | D:3      | 2456 ||| Stepping ~*~*~tactically~*~*~ (stealth).
  2459 | D:3      | Gained mutation: Your magical nature lets you fly swiftly
                  | and evasively. [Tengu growth]
  2459 | D:3      | Reached XP level 5. HP: 30/30 MP: 9/9
  2512 | D:3      | Found a faded altar of an unknown god.
  2612 | D:3      | 2612 ||| Stepping ~*~*~tactically~*~*~ (stealth).
  2662 | D:3      | 2662 ||| SWAPPING to +0 war axe.
  2663 | D:3      | 2663 ||| DROPPING +1 hand axe.
  3116 | D:3      | Reached skill level 6 in Axes
  3203 | D:3      | Noticed Sigmund
  3214 | D:3      | HP: 4/30 [Sigmund/+1 scythe of venom (7)]
  3215 | D:3      | 3215 ||| DRINKING 2 potions of heal wounds.
  3222 | D:3      | HP: 6/30 [poisoned by Sigmund]
  3223 | D:3      | 3223 ||| DRINKING potion of heal wounds.
  3228 | D:3      | HP: 5/30 [poisoned by Sigmund]
  3228 | D:3      | Slain by Sigmund

Levels and vault maps discovered:
D:1:      erik_arrival_blinker_ship, layout_basic
D:2:      layout_rooms
D:3:      layout_loops_corners, shapermc_ecumenical_altar_mp_highgroup,
          kennysheep_generic_room_15, uniq_sigmund

Skill      XL: |  1  2  3  4  5 |
---------------+----------------+-----
Axes           | 3 4 5 6 |  6.0
Fighting       | |  2.0
Throwing       | |  1.0
Armour         | |  1.1
Dodging        | |  2.1
Spellcasting   | |  2.0
Translocations | |  2.4

Action                   |  1- 3 |  4- 6 || total
-------------------------+-------+-------++-------
Melee: Hand axe          |    89 |    40 ||   129
       Kick              |    17 |    18 ||    35
       Peck              |    13 |    13 ||    26
       Punch             |     1 |       ||     1
       War axe           |       |    40 ||    40
Throw: Boomerang         |     7 |       ||     7
  Use: Scroll            |     6 |       ||     6
       Potion            |     1 |     2 ||     3
Armor: Leather armour    |     9 |       ||     9
       Ring mail         |    29 |    29 ||    58
Dodge: Dodged            |    59 |    53 ||   112

Table legend:
 A = Non-vault XP
 B = Vault XP
 C = Vault XP percentage of total XP
 D = Non-vault monster count
 E = Vault monster count
 F = Vault count percentage of total count
                 A         B        C        D         E       F
            +---------+---------+-------+---------+---------+-------
      Total |     209 |      15 |   6.7 |      59 |       2 |   3.3
            +---------+---------+-------+---------+---------+-------
        D:1 |      17 |       0 |   0.0 |      11 |       0 |   0.0
        D:2 |      73 |       0 |   0.0 |      25 |       0 |   0.0
        D:3 |     119 |      15 |  11.2 |      23 |       2 |   8.0
            +---------+---------+-------+---------+---------+-------
